 Dungeon Crawl Stone Soup version 0.18-a0-1125-g2bdabe5 (webtiles) character file.

380 Arkorax the Bolt Thrower (level 7, 0/44 HPs)
             Began as a Kobold Hunter on Jan 20, 2016.
             Succumbed to an adder's poison
             ... on level 3 of the Dungeon.
             The game lasted 00:04:16 (2760 turns).

Arkorax the Bolt Thrower (Kobold Hunter)            Turns: 2760, Time: 00:04:16

Health: 0/44       AC:  8    Str: 11    XL:     7   Next: 5%
Magic:  7/7        EV: 14    Int:  9    God:
Gold:   88         SH:  0    Dex: 23    Spells: 0 memorised, 6 levels left

rFire  . . .     SeeInvis .     b - +0 short sword
rCold  . . .     Gourm    .     j - +0 chain mail
rNeg   . . .     Faith    .     (shield restricted)
rPois  .         Spirit   .     (no helmet)
rElec  .         Dismiss  .     (no cloak)
rCorr  .         Reflect  .     (no gloves)
SustAt .         Harm     .     (no boots)
MR     .....                    (no amulet)
Stlth  ..........               (no ring)
                                (no ring)

@: agile, lethally poisoned (0 -> -1), flying, very slightly contaminated,
hasted, very quick, not resistant to hostile enchantments, extremely unstealthy
A: carnivore 3
a: no special abilities


You were on level 3 of the Dungeon.
You were completely stuffed.

You visited 1 branch of the dungeon, and saw 3 of its levels.

You collected 88 gold pieces.

Inventory:

Hand Weapons
 a - a +1 hand crossbow
 b - a +0 short sword (weapon)
 m - a +0 arbalest
Armour
 c - a +0 leather armour
 j - a +0 chain mail (worn)
Scrolls
 e - a scroll of magic mapping {unknown}
 h - a scroll of random uselessness {unknown}
 i - 5 scrolls of identify {unknown}
 k - a scroll of teleportation {unknown}
 s - a scroll of noise {unknown}
Potions
 g - a potion of agility
 p - a potion of poison
Comestibles
 f - a slice of pizza
 l - 2 meat rations
 r - 3 chunks of flesh


   Skills:
 * Level 5.3 Fighting
 * Level 7.0 Crossbows
 + Level 4.0 Dodging
 - Level 1.3 Stealth


You had 6 spell levels left.
You didn't know any spells.

Dungeon Overview and Level Annotations

Branches:
Dungeon (3/15)

Altars:
Gozag

Annotations:
D:3 Natasha


Innate Abilities, Weirdness & Mutations

You are small and have problems with some larger weapons.
You are carnivorous and can eat meat at any time.


Message History

Aim: Natasha (heavily wounded)
Okay, then.
Unknown command.
Wield which item (- for none, * to show all)? (? for menu, Esc to quit)
b - a +0 short sword (weapon)
Unknown command.
You hit the adder.
The adder is moderately wounded.
The adder closely misses you. The adder bites you.
* * * LOW HITPOINT WARNING * * *
You miss the adder.
The adder is moderately wounded.
* * * LOW HITPOINT WARNING * * *
You feel sick. The adder closely misses you.
You closely miss the adder.
The adder is moderately wounded.
You feel yourself speed up. The adder bites you but does no damage.
The adder completely misses you.
Unknown command.
You die...

...................##
...(................###
...........##....#.....#######
.................###....#.....
.............<..# #.........
#.............## #.##.....
###..........).####........
#............##..........
######.......@........##......
#...................#..#....##
#.####.......S....#†......#..#
#......#####.#.#...###........
######.# #.#...#............
#.# #h#..##..##........ #..
###(...##...#.#...#.#
##..........#>........#.#
####...)....(#...##..#..


You could see Natasha and an adder.

Vanquished Creatures
  Grinder (D:3)
  An ogre (D:3)
  A gnoll (D:1)
  4 adders (D:2)
  An ooze (D:2)
  A worm (D:3)
  2 giant geckos
  3 giant cockroaches
  6 goblins
  5 hobgoblins
  8 jackals
  8 bats
  A giant gecko skeleton (D:3)
  4 giant newts
  5 kobolds
  4 rats (D:1)
55 creatures vanquished.

Notes
Turn   | Place    | Note
--------------------------------------------------------------
     0 | D:1      | Arkorax the Kobold Hunter began the quest for the Orb.
     0 | D:1      | Reached XP level 1. HP: 12/12 MP: 1/1
    13 | D:1      | Reached skill level 5 in Crossbows
    37 | D:1      | Reached XP level 2. HP: 15/18 MP: 2/2
   408 | D:1      | Reached XP level 3. HP: 22/22 MP: 3/3
   970 | D:2      | Reached XP level 4. HP: 24/28 MP: 4/4
  1082 | D:2      | Found an opulent altar of Gozag.
  2247 | D:3      | Noticed Grinder
  2247 | D:3      | Reached XP level 5. HP: 33/33 MP: 5/5
  2258 | D:3      | Killed Grinder
  2258 | D:3      | Reached skill level 6 in Crossbows
  2258 | D:3      | Reached XP level 6. HP: 7/40 MP: 6/6
  2564 | D:2      | Reached skill level 5 in Fighting
  2690 | D:3      | Noticed an ogre
  2693 | D:3      | Killed an ogre
  2693 | D:3      | Reached skill level 7 in Crossbows
  2693 | D:3      | Reached XP level 7. HP: 44/44 MP: 7/7
  2726 | D:3      | Noticed Natasha
  2754 | D:3      | HP: 2/44 [adder (3)]
  2760 | D:3      | Succumbed to an adder's poison

Vault maps used:
D:1:      dpeg_arrival_shelter
D:2:      grunt_gozag_statues, grunt_decor_mini_mirrors
D:3:      uniq_grinder, uniq_terence, uniq_natasha

Action                   |  1- 3 |  4- 6 |  7- 9 || total
-------------------------+-------+-------+-------++-------
Melee: Short sword       |    40 |   131 |     3 ||   174
 Fire: Hand crossbow     |    39 |     4 |     5 ||    48
       Arbalest          |       |    15 |     6 ||    21
  Use: Potion            |       |       |     5 ||     5
 Stab: Sleeping          |     2 |       |       ||     2
  Eat: Chunk             |       |     7 |     1 ||     8
       Meat ration       |       |     1 |       ||     1
